 Dungeon Crawl Stone Soup version 0.31-a0-988-g08d55da (webtiles) character file.

Game seed: 1153264537201408019

30130692 catclaw the Eviscerator (level 27, 162/162 HPs)
             Began as a Felid Berserker on Nov 4, 2023.
             Was the Champion of Trog.
             Escaped with the Orb
             ... and 15 runes!
             The game lasted 04:56:08 (49103 turns).

catclaw the Eviscerator (Felid Berserker)          Turns: 49103, Time: 04:56:08

Health: 162/162    AC: 14    Str: 16    XL:     27
Magic:  38/38      EV: 80    Int: 14    God:    Trog [******]
Gold:   5032       SH:  0    Dex: 29    Spells: 26/26 levels left
                                        Lives:  2   Deaths: 5

rFire   + +          .
                       - Unarmed
rCold   + + .        (shield unavailable)
rNeg    + . .        (body armour unavailable)
rPois   ∞            (helmet unavailable)
rElec   +            (cloak unavailable)
rCorr   +            (gloves unavailable)
SInv    +            (boots unavailable)
Will    ++++.        W - amulet of regeneration
Stlth   ++++         V - ring of Morality {*Corrode rF+ rC++ rN+ Str+4}
HPRegen 1.27/turn    z - ring "Ehafy" {rF+ rCorr Dex+4 SInv}
MPRegen 0.26/turn

%: corrode self (3%)
@: storm-form, flying, studying Conjurations
A: cleaving, insubstantial, flying, very small, (claws 1), (fangs 3), see
invisible, (speed 1), (shaggy fur 3), (stealthy paws), no weapons or thrown
items, no armour, multi-lived, (horns 1), clever 1, clumsy 1, robust 1, subdued
magic 1
0: Orb of Zot
}: 15/15 runes: serpentine, barnacled, slimy, silver, golden, iron, obsidian,
icy, bone, abyssal, demonic, glowing, magical, fiery, dark
a: Blinkbolt, Begin Untransformation, Renounce Religion, Berserk, Trog's Hand,
Brothers in Arms


You escaped.
You worshipped Trog.
Trog was exalted by your worship.
You were a lightning-filled tempest!
You visited 18 branches of the dungeon, and saw 88 of its levels.
You visited Pandemonium 3 times, and saw 26 of its levels.
You visited the Abyss 2 times.
You visited 1 bazaar.
You also visited: Sewer and Ice Cave.

You collected 9240 gold pieces.
You spent 4208 gold pieces at shops.

Inventory:

Jewellery
 i - the ring "Bali" {Fly Str+2}
   (You bought it in a shop on level 4 of the Snake Pit)

   [ring of flight]

   Str+2:     It affects your strength (+2).
   Fly:       It grants you flight.
 t - the ring "Ladom" {Drain rC+ rN+ Str+8}
   (You found it on level 3 of the Crypt)

   [ring of positive energy]

   Str+8:     It affects your strength (+8).
   rC+:       It protects you from cold.
   rN+:       It protects you from negative energy.
   Drain:     It drains your maximum health when unequipped.
 y - a ring of protection from cold
 z - the ring "Ehafy" (right paw) {rF+ rCorr Dex+4 SInv}
   (You found it on level 7 of Tartarus)

   [ring of resist corrosion]

   Dex+4:     It affects your dexterity (+4).
   rF+:       It protects you from fire.
   SInv:      It lets you see invisible.
   rCorr:     It protects you from acid and corrosion.
 F - a ring of willpower
 U - the ring "Plog" {Will+ AC+4}
   (You found it on level 7 of the Iron City of Dis)

   [ring of protection]

   AC+4:      It affects your AC (+4).
   Will+:     It increases your willpower.
 V - the ring of Morality (left paw) {*Corrode rF+ rC++ rN+ Str+4}
   (You took it off a balrug in Pandemonium)

   [ring of positive energy]

   Str+4:     It affects your strength (+4).
   rF+:       It protects you from fire.
   rC++:      It greatly protects you from cold.
   rN+:       It protects you from negative energy.
   *Corrode:  It may corrode you when you take damage.
 W - an amulet of regeneration (around neck)
 Y - the ring "Itukua" {rN++ Str+4 Int-4 Dex+6}
   (You bought it in a shop on level 4 of the Snake Pit)

   [ring of dexterity]

   Str+4:     It affects your strength (+4).
   Int-4:     It affects your intelligence (-4).
   Dex+6:     It affects your dexterity (+6).
   rN++:      It greatly protects you from negative energy.
 Z - the ring "Xausacw" {Wiz rF+}
   (You found it on level 5 of the Vaults)

   [ring of wizardry]

   Wiz:       It improves your spell success rate.
   rF+:       It protects you from fire.
Talismans
 E - a granite talisman
 I - a dragon-blood talisman
 T - a storm talisman (active)
Wands
 j - a wand of flame (147) (quivered)
 A - a wand of quicksilver (27)
 D - a wand of polymorph (32)
 K - a wand of iceblast (16)
 R - a wand of digging (6)
 S - a wand of charming (36)
Scrolls
 f - 3 scrolls of noise
 h - 5 scrolls of vulnerability
 l - a scroll of silence
 n - a scroll of teleportation {!r}
 q - 3 scrolls of fog
 r - 10 scrolls of enchant armour
 s - 7 scrolls of immolation
 v - 5 scrolls of fear
 w - 7 scrolls of poison
 J - a scroll of summoning
Potions
 b - 2 potions of heal wounds
 e - a potion of mutation {!q}
 g - 12 potions of curing
 k - 7 potions of magic
 m - 4 potions of brilliance
 u - 10 potions of enlightenment
 C - 11 potions of lignification
 G - 4 potions of berserk rage
 H - 3 potions of ambrosia
 X - 4 potions of cancellation
Miscellaneous
 B - a box of beasts
 L - a phial of floods
 M - a lightning rod (4/4)
 N - a condenser vane
 P - a phantom mirror
 Q - the horn of Geryon


   Skills:
 - Level 26.7 Fighting
 - Level 26.7 Dodging
 - Level 26.7 Stealth
 - Level 26.8 Unarmed Combat
 + Level 20.1 Invocations
 - Level 26.5 Evocations
 - Level 26.5 Shapeshifting


You had 26 spell levels left.
You didn't know any spells.
Your spell library contained the following spells:

 Spells                   Type           Power      Damage    Failure   Level
 Apportation              Tloc           0%         N/A       24%         1
 Freeze                   Ice            0%         1d3       24%         1
 Kiss of Death            Conj/Necr      0%         2d5       24%         1
 Magic Dart               Conj           0%         1d3       24%         1
 Necrotise                Necr           0%         1d4       24%         1
 Shock                    Conj/Air       0%         1d3       24%         1
 Slow                     Hex            0%         N/A       24%         1
 Sting                    Tmut/Pois      0%         1d3       24%         1
 Summon Small Mammal      Summ           0%         N/A       24%         1
 Call Imp                 Summ           0%         N/A       36%         2
 Ensorcelled Hibernation  Hex/Ice        0%         N/A       36%         2
 Jinxbite                 Hex            0%         N/A       36%         2
 Poisonous Vapours        Pois/Air       0%         N/A       36%         2
 Scorch                   Fire           0%         2d5       36%         2
 Wereblood                Tmut           0%         N/A       36%         2
 Call Canine Familiar     Summ           0%         N/A       61%         3
 Confusing Touch          Hex            0%         N/A       61%         3
 Frozen Ramparts          Ice            0%         1d1       61%         3
 Gell's Gravitas          Tloc           0%         N/A       61%         3
 Hailstorm                Conj/Ice       0%         3d3       61%         3
 Ignite Poison            Fire/Tmut/Pois 0%         N/A       61%         3
 Inner Flame              Hex/Fire       0%         N/A       61%         3
 Mephitic Cloud           Conj/Pois/Air  0%         N/A       61%         3
 Ozocubu's Armour         Ice            0%         N/A       61%         3
 Sigil of Binding         Hex            0%         N/A       61%         3
 Summon Guardian Golem    Hex/Summ       0%         N/A       61%         3
 Swiftness                Air            0%         N/A       61%         3
 Teleport Other           Tloc           0%         N/A       61%         3
 Tukima's Dance           Hex            0%         N/A       61%         3
 Vampiric Draining        Necr           0%         2d6       61%         3
 Airstrike                Air            0%         2d(0-16)  95%         4
 Anguish                  Hex/Necr       0%         N/A       95%         4
 Animate Dead             Necr           0%         N/A       95%         4
 Brom's Barrelling Bould  Conj/Erth      0%         2d3       95%         4
 Dispel Undead            Necr           0%         3d6       95%         4
 Leda's Liquefaction      Hex/Erth       0%         N/A       95%         4
 Manifold Assault         Tloc           0%         N/A       95%         4
 Olgreb's Toxic Radiance  Pois           0%         N/A       95%         4
 Passage of Golubria      Tloc           0%         N/A       95%         4
 Petrify                  Tmut/Erth      0%         N/A       95%         4
 Sticky Flame             Conj/Fire      0%         2d3       95%         4
 Summon Ice Beast         Ice/Summ       0%         N/A       95%         4
 Summon Lightning Spire   Summ/Air       0%         N/A       95%         4
 Vhi's Electric Charge    Tloc/Air       0%         N/A       95%         4
 Alistair's Intoxication  Tmut/Pois      0%         N/A       100%        5
 Arcjolt                  Conj/Air       0%         1d10      100%        5
 Borgnjor's Vile Clutch   Necr/Erth      0%         N/A       100%        5
 Fireball                 Conj/Fire      0%         3d3       100%        5
 Irradiate                Conj/Tmut      0%         3d11      100%        5
 Iskenderun's Battlesphe  Conj           0%         2d6       100%        5
 Lee's Rapid Deconstruct  Erth           0%         3d4*      100%        5
 Silence                  Hex/Air        0%         N/A       100%        5
 Summon Mana Viper        Hex/Summ       0%         N/A       100%        5
 Yara's Violent Unravell  Hex/Tmut       0%         3d3       100%        5
 Bombard                  Conj/Erth      0%         9d1       100%        6
 Conjure Ball Lightning   Conj/Air       0%         3x3d6     100%        6
 Death Channel            Necr           0%         N/A       100%        6
 Dispersal                Tloc           0%         N/A       100%        6
 Eringya's Noxious Bog    Tmut/Pois      0%         4d6       100%        6
 Plasma Beam              Fire/Air       0%         2x1d10    100%        6
 Enfeeble                 Hex            0%         N/A       100%        7
 Haunt                    Necr/Summ      0%         N/A       100%        7
 Monstrous Menagerie      Summ           0%         N/A       100%        7
 Orb of Destruction       Conj           0%         9d5       100%        7
 Ozocubu's Refrigeration  Ice            0%         4d7       100%        7
 Spellforged Servitor     Conj/Summ      0%         N/A       100%        7
 Summon Hydra             Summ           0%         N/A       100%        7
 Borgnjor's Revivificati  Necr           0%         N/A       100%        8
 Discord                  Hex            0%         N/A       100%        8
 Disjunction              Tloc           0%         N/A       100%        8
 Lehudib's Crystal Spear  Conj/Erth      0%         10d2      100%        8
 Maxwell's Capacitive Co  Air            0%         ∞         100%        8
 Chain Lightning          Conj/Air       0%         N/A       100%        9
 Death's Door             Necr           0%         N/A       100%        9
 Fire Storm               Conj/Fire      0%         5d1       100%        9
 Shatter                  Erth           0%         3d5*      100%        9
 Sublimation of Blood     Necr           Unusable   N/A       N/A         2
 Animate Armour           Summ/Erth      Unusable   N/A       N/A         4
 Dimensional Bullseye     Hex/Tloc       Unusable   N/A       N/A         4

Dungeon Overview and Level Annotations

Branches:
Dungeon (15/15)            Temple (1/1) D:4            Lair (5/5) D:10
 Shoals (4/4) Lair:2        Snake (4/4) Lair:2        Slime (5/5) Lair:5
    Orc (2/2) D:12            Elf (3/3) Orc:2        Vaults (5/5) D:14
  Crypt (3/3) Vaults:3       Tomb (3/3) Crypt:3      Depths (4/4) D:15
   Hell (visited)             Dis (7/7) Hell            Geh (7/7) Hell
    Coc (7/7) Hell            Tar (7/7) Hell            Zot (5/5) Depths:4
  Sewer (visited)           IceCv (visited)

Altars:
Ashenzari
Cheibriados
Dithmenos
Elyvilon
Fedhas
Gozag
Kikubaaqudgha
Makhleb
Nemelex Xobeh
Okawaru
Qazlal
Ru
Sif Muna
Trog
Uskayaw
Vehumet
Xom
Yredelemnul
Zin
The Shining One
Jiyva
Lugonu

Shops:
D:4 ?   D:11 [   Orc:2 :(*:   Elf:1 [   Shoals:1 (   Snake:2 :=   Snake:4 :==
Vaults:3 (   Depths:2 ?

Portals:
Hell: Depths:1 Depths:3 Depths:4
Abyss: Lair:5 Depths:2
Pandemonium: Depths:1 Depths:4
Ziggurat: Depths:2

Annotations:
D:4 exclusion: upstairs
D:7 1 exclusion
D:9 exclusion: upstairs
Lair:3 Josephine
Tomb:3 Mennas
Dis:7 exclusion: iron giant
Tar:6 1 exclusion
Tar:7 1 exclusion
Zot:5 16 runed doors


Innate Abilities, Weirdness & Mutations

You are a lightning-filled tempest!
Your electrical attacks strike out in all directions at once.
You are incredibly evasive.
Your insubstantial body is immune to petrification, constriction, and being set on fire You are flying.
You are immune to poison.
((You have sharp claws.))
((You have razor-sharp teeth.))
You have supernaturally acute eyesight. (SInv)
((You cover ground quickly. (Speed+)))
((Your thick and shaggy fur keeps you warm. (AC +3, rC+)))
((Your paws help you pounce on unaware monsters.))
You are incapable of wielding weapons or throwing items.
You cannot wear armour.
You gain extra lives every three experience levels.
((You have a pair of small horns on your head.))
Your mind is acute. (Int +4, Str/Dex -1)
You are clumsy. (Dex -2)
You are robust. (+10% HP)
Your spells are a little easier to cast, but a little less powerful.


Message History

A mysterious force pulls you upwards. The hatch slams shut behind you.
There is a stone staircase leading up here.
You fly upwards.
Level annotation: 1 exclusion
There is a stone staircase leading down here.
There is a stone staircase leading up here.
You fly upwards.
There is a stone staircase leading down here.
There is a stone staircase leading up here.
You fly upwards.
There is a stone staircase leading down here.
Things that are here:
a +0 leather armour; a +0 whip You see here a throwing net.
A green death comes into view.
The green death gestures at you. The blast of poison misses you.
There is a stone staircase leading up here.
The green death gestures at you.
The bolt of poison hits you but does no damage.
You resist.
You fly upwards.
Level annotation: exclusion: upstairs
There is a stone staircase leading down here.
There is a stone staircase leading up here.
This staircase is marked as excluded!
You fly upwards.
The scorpion completely misses you.
There is a stone staircase leading down here.
You blast the scorpion!!!
Lightning courses through the scorpion!
You kill the scorpion!
Trog accepts your kill.
No target in view!
There is a stone staircase leading up here.
You fly upwards.
There is a stone staircase leading down here.
There is a stone staircase leading up here.
You fly upwards.
There is a stone staircase leading down here.
There is a staircase leading out of the dungeon here.
You have escaped!

..##.............# #...........#
..##.............####.###.##.....
..###'#...............# #.##.##..
#.....#######+##..###.###.##.##..
#..##.#....................#.##..
...##.#...................##.....
......#..P#~#P.....P#~#P.........
##.##.#.P##~##P...P##~##P.####...
......#..~~~~~..v..~~~~~..####.#.
...####.P##~##P...P##~##P........
##.# #..P#~#P.....P#~#P.........
...####..........................
.#.##.>........................#.
.#.##..................###.....#.
:#..#.....#.......###.......##.#.
............#...#.###............
###~..~###..#...#.##......#.##.#.


There were no monsters in sight!

Vanquished Creatures
  Cerebov (Pan)
  Antaeus (Coc:7)
  Asmodeus (Geh:7)
  the Royal Jelly (Slime:5)
  Ereshkigal (Tar:7)
  Gloorx Vloq (Pan)
  A seraph (Pan)
  Mnoleg (Pan)
  the Serpent of Hell (Coc:7)
  3 dread liches (Zot:5)
  Dispater (Dis:7)
  An ancient lich (Crypt:3)
  8 orbs of fire
  Mara (Vaults:5)
  3 juggernauts
  28 royal mummies
  Boris (twice) (Vaults:2 Crypt:3)
  2 Killer Klowns (Zot:5)
  Margery (Vaults:5)
  Saint Roka (Vaults:5)
  15 shard shrikes
  Xtahua (Crypt:3)
  Bai Suzhen (Shoals:4)
  15 caustic shrikes
  Vashnia (Snake:3)
  Geryon (Hell)
  4 golden dragons
  7 pandemonium lords
  15 profane servitors
  7 bone dragons
  12 Brimstone Fiends
  26 Tzitzimimeh
  A doom hound (Tar:2)
  5 iron giants (Dis:7)
  18 Hell Sentinels
  2 spectral shard shrikes
  5 hellephants
  7 tentacled monstrosities
  Jorgrun (Elf:1)
  16 tainted leviathans
  15 searing wretches
  13 Ice Fiends
  25 Orb Guardians (Zot:5)
  3 deep elf blademasters
  14 liches
  18 titans
  6 quicksilver dragons
  4 deep elf master archers (Elf:3)
  4 krakens (Shoals:2)
  28 Executioners
  8 sphinxes
  A titan (shapeshifter) (Vaults:5)
  16 acid blobs
  2 death cobs (Zot:1)
  3 tentacled starspawn (Abyss:3)
  An eldritch tentacle (Pan)
  23 ancient champions
  6 tengu reavers
  The ghost of UnitStreak the Skirmisher, an adept GnHu of Gozag (Elf:1)
  7 shadow dragons
  Polyphemus (Shoals:4)
  4 draconian monks
  6 demonspawn warmongers (Pan)
  11 narguns
  10 storm dragons
  17 fire giants
  6 revenants
  4 azure jellies
  11 rockslimes
  5 quicksilver elementals
  5 deep elf sorcerers
  4 draconian knights
  9 frost giants
  5 nagarajas
  An iron dragon (Vaults:5)
  48 balrugs
  A juggernaut zombie (Crypt:2)
  2 draconian scorchers
  14 vault wardens
  6 ghost moths
  5 draconian shifters
  9 shard shrike simulacra
  2 curse skulls (Pan)
  5 spectral caustic shrikes
  17 cacodemons
  8 demonspawn corrupters (Pan)
  7 ghouls
  12 ironbound preservers
  2 draconian annihilators
  16 quicksilver oozes
  2 draconian stormcallers
  A spriggan defender (Depths:2)
  17 reapers
  12 stone giants
  3 orc warlords
  A quicksilver ooze (shapeshifter) (Vaults:5)
  6 demonspawn blood saints (Pan)
  3 formless jellyfish
  14 very ugly things
  10 ironbound thunderhulks
  4 deep elf demonologists
  26 war gargoyles
  12 deep elf annihilators
  6 vampire knights
  Azrael (Elf:2)
  4 green draconians
  10 demonspawn black suns (Pan)
  5 black draconians
  12 putrid mouths
  10 wendigos
  5 white draconians
  12 bennus
  30 elemental wellsprings
  A minotaur (shapeshifter) (Vaults:5)
  10 lorocyprocas
  9 dire elephants
  7 purple draconians
  6 yellow draconians
  An eidolon (Tar:7)
  15 iron golems
  6 red draconians
  7 deep elf death magi
  15 green deaths
  17 blizzard demons
  3 crystal guardians (Crypt:3)
  18 mummy priests
  4 merfolk javelineers
  13 yaktaur captains
  13 ettins
  4 fire dragons
  3 entropy weavers
  7 merfolk impalers
  A spectral kraken (Tar:7)
  2 spriggan zombies
  15 ice dragons
  A quicksilver dragon skeleton (Crypt:1)
  3 jiangshi (Crypt:2)
  17 salamander tyrants
  11 caustic shrike simulacra
  8 great orbs of eyes
  2 hydras
  6 deep elf high priests
  2 spectral spriggans
  2 hell beasts (Pan)
  23 vault guards
  A catoblepas (Shoals:4)
  6 juggernaut simulacra
  6 ironbound frosthearts
  6 merfolk avatars
  A radroach (shapeshifter) (Vaults:5)
  3 merfolk aquamancers
  18 stokers
  8 rakshasas
  2 spriggan skeletons
  8 anacondas
  3 centaur warriors
  8 two-headed ogres
  4 boulder beetles
  51 dancing weapons
  5 spriggan air magi
  2 alligator snapping turtles
  4 tengu warriors
  3 occultists (Pan)
  3 vampire magi
  A fenstrider witch skeleton (Pan)
  6 death yaks
  6 naga warriors
  57 death scarabs
  2 deep troll shamans (Depths:1)
  23 hell hogs
  4 thrashing horrors
  A titan zombie (Crypt:3)
  6 deep troll earth magi
  13 demonic crawlers
  A satyr (Shoals:4)
  6 orc high priests
  15 naga sharpshooters
  7 spriggan berserkers
  20 deep elf knights
  3 shock serpents
  27 soul eaters
  20 hell knights
  A titan skeleton (Pan)
  59 sun demons
  Sonja (D:13)
  2 iron trolls
  A skyshark (shapeshifter) (Depths:2)
  13 sixfirhies
  A fire crab (shapeshifter) (D:14)
  A spectral anaconda (Tar:4)
  A storm dragon skeleton (Hell)
  7 crystal echidnas
  4 wretched stars (Abyss:3)
  9 shadow wraiths
  A cherub (Pan)
  2 golden dragon zombies
  30 skeletal warriors
  3 skysharks
  An anaconda zombie (Tomb:1)
  3 quicksilver dragon simulacra
  4 flayed ghosts
  10 sea snakes
  A bog body (Crypt:2)
  31 deep trolls
  6 naga ritualists
  3 salamander mystics (Snake:4)
  8 shadow demons (Pan)
  11 glowing orange brains
  A spectral iron dragon (Tar:6)
  A shadow dragon zombie (Crypt:2)
  6 spriggan simulacra
  An anaconda skeleton (Pan)
  8 arcanists
  16 phantasmal warriors
  6 orc knights
  9 deep elf archers
  9 ironbound convokers
  17 deep elf pyromancers
  15 mana vipers
  3 starcursed masses (Abyss:3)
  A bunyip skeleton (Tomb:2)
  10 lindwurms
  An alligator zombie (Hell)
  29 ugly things
  A fenstrider witch simulacrum (Coc:2)
  6 harpies
  14 necromancers
  18 deep elf zephyrmancers
  14 manticores
  An orc sorcerer (Orc:1)
  2 shining eyes
  2 spectral ettins (Tar:7)
  9 cyclopes
  11 salamanders
  6 fauns
  12 moths of wrath
  A wolf spider (shapeshifter) (Vaults:5)
  2 stone giant zombies
  A goliath frog skeleton (Crypt:2)
  10 merfolk sirens
  4 water nymphs
  A toenail golem (Pan)
  3 centaur zombies
  4 rust devils
  Maurice (D:13)
  8 vault sentinels
  36 black mambas
  3 guardian serpents
  2 titan simulacra
  12 elephants
  31 smoke demons
  A guardian serpent (shapeshifter) (Depths:2)
  19 naga magi
  2 human skeletons
  A cane toad (shapeshifter) (D:14)
  An apocalypse crab (Abyss:3)
  2 eyes of devastation
  15 hellions
  11 cane toads
  4 dire elephant skeletons
  5 spectral swamp worms (Tar:7)
  2 unseen horrors
  4 centaur skeletons
  3 rime drakes
  28 orange demons
  An unseen horror (shapeshifter) (Elf:3)
  17 tormentors
  2 efreet (Pan)
  31 yaktaurs
  3 freezing wraiths
  37 guardian mummies
  2 tengu conjurers
  2 iron giant simulacra
  9 komodo dragons
  A yaktaur (shapeshifter) (Depths:2)
  5 anaconda simulacra
  2 hydra zombies (Hell)
  An alligator snapping turtle skeleton (Pan)
  An ice devil (Pan)
  4 spectral nagas
  8 red devils (Pan)
  A sea snake skeleton (Crypt:1)
  3 harpy zombies
  30 merfolk
  A silent spectre (Abyss:3)
  9 trolls
  20 wind drakes
  A merfolk (shapeshifter) (D:14)
  14 hellwings (Pan)
  3 meliai (D:14)
  9 polar bears
  5 harpy skeletons
  A hydra skeleton (Hell)
  3 hornets (Depths:2)
  A tarantella (Vaults:5)
  51 blink frogs
  An ettin zombie (Vaults:2)
  13 snapping turtles
  A glass eye (shapeshifter) (Elf:3)
  6 glass eyes
  10 dream sheep
  A dream sheep (shapeshifter) (Depths:4)
  5 raiju
  A black mamba zombie (Crypt:3)
  3 stone giant simulacra
  27 slime creatures
  A guardian serpent skeleton (Crypt:2)
  54 flying skulls
  2 centaur simulacra
  20 water elementals
  3 shadows
  A culicivora (Vaults:5)
  6 dire elephant simulacra
  5 spriggans
  An air elemental (Elf:2)
  An ettin skeleton (Crypt:1)
  3 naga simulacra (Coc:7)
  17 ushabtiu
  23 ynoxinuls
  Sigmund (D:6)
  4 wraiths
  3 wyverns
  3 fire elementals (Elf:2)
  A hog (D:14)
  38 yaks
  4 golden eyes (Pan)
  3 basilisks
  A sea snake simulacrum (Hell)
  A redback (Vaults:3)
  A wind drake skeleton (Crypt:2)
  21 neqoxecs
  13 chaos spawn
  Grum (D:8)
  2 vampire mosquitoes (D:12)
  A demonspawn zombie (Crypt:1)
  18 harpy simulacra
  A yaktaur simulacrum (Vaults:2)
  A swamp worm (Snake:3)
  2 glowing shapeshifter zombies
  36 nagas
  A naga zombie (Crypt:3)
  46 large abominations
  A two-headed ogre zombie (Crypt:2)
  6 wargs
  A deep troll skeleton (Crypt:1)
  10 water moccasins
  An acid dragon (D:13)
  2 hydra simulacra (Coc:7)
  A glowing shapeshifter skeleton (Vaults:2)
  9 hell hounds
  A human zombie (Vaults:1)
  14 orc warriors
  An ice beast (D:6)
  2 ettin simulacra
  13 black bears
  6 ogres
  30 wolves
  3 centaurs
  4 phantoms
  12 bullfrogs
  A hog skeleton (Crypt:2)
  4 kobold brigands
  A glowing shapeshifter simulacrum (Vaults:2)
  4 scorpions
  An earth elemental (Elf:3)
  3 necrophages
  12 small abominations
  A gnoll sergeant (D:12)
  4 wights (D:8)
  6 killer bees
  6 electric eels
  3 crimson imps (Pan)
  A black bear zombie (Crypt:1)
  3 lava snakes (Lair:2)
  4 quasits
  3 hounds
  4 jellies
  25 orc priests
  2 gnoll boudas
  An iron imp (D:5)
  3 sleepcaps
  Ijyb (D:3)
  An iguana (D:6)
  12 orc wizards
  A sickly merfolk siren (Sewer)
  6 hell rats (Lair:1)
  A malarious merfolk avatar (Sewer)
  6 ogre zombies (D:12)
  35 mummies
  A howler monkey zombie (Crypt:1)
  21 gnolls
  2 adders
  A river rat (Sewer)
  A shadow imp (D:6)
  3 white imps
  8 ufetubi
  A worm (D:2)
  80 orcs
  6 ball pythons
  6 bats
  A bat skeleton (Crypt:2)
  6 endoplasms
  6 giant cockroaches
  A gnoll zombie (D:12)
  12 goblins
  3 hobgoblins
  7 jackals
  9 quokkas
  11 frilled lizards
  2 gnoll skeletons (D:12)
  14 kobolds
  An orc skeleton (D:12)
  15 orc zombies (D:12)
  27 rats
  2 river rat skeletons (Crypt:2)
  A ball lightning (Pan)
  A creeping inferno (Geh:4)
  5 fire vortices
  3 starspawn tentacles (Abyss:3)
  21 tentacles
3385 creatures vanquished.

Vanquished Creatures (collateral kills)
  2 royal mummies (Tomb:1)
  A Killer Klown (Zot:5)
  A caustic shrike (Dis:2)
  An electric golem (Zot:5)
  A tentacled monstrosity (Vaults:5)
  An iron giant (Dis:5)
  A quicksilver dragon (Vaults:5)
  2 acid blobs (Slime:2)
  Aizul (Shoals:1)
  A shadow dragon (Vaults:5)
  A storm dragon (Depths:2)
  An azure jelly (Slime:2)
  2 fire giants
  3 vault wardens
  A frost giant (Vaults:5)
  An ironbound preserver (Vaults:2)
  A demonspawn corrupter (Pan)
  A quicksilver ooze (Slime:5)
  2 stone giants (Depths:2)
  4 very ugly things
  A demonspawn black sun (Pan)
  A blizzard demon (Pan)
  The ghost of Agremn the Severer, a journeyman MiFi of Ru (Orc:1)
  2 fire dragons
  An iron golem (Dis:2)
  3 ettins
  A mummy priest (Pan)
  A fire dragon (shapeshifter) (Vaults:5)
  3 vault guards (Vaults:5)
  A yaktaur captain (Vaults:5)
  A great orb of eyes (Slime:5)
  A rakshasa (Depths:2)
  An ogre mage (Vaults:5)
  2 death yaks (Lair:5)
  A vampire mage (Depths:2)
  2 deep troll earth magi (Depths:2)
  A deep troll shaman (Depths:2)
  A naga warrior (Snake:3)
  A tengu warrior (Depths:2)
  4 dancing weapons (Elf:2)
  A spriggan berserker (Depths:2)
  A shock serpent (Snake:3)
  3 orc high priests (Orc:2)
  An orc knight (Orc:1)
  2 phantasmal warriors (Vaults:5)
  2 ironbound convokers
  3 lindwurms (Vaults:2)
  3 deep elf zephyrmancers
  A mana viper (Snake:3)
  2 deep elf pyromancers (Elf:3)
  2 harpies
  2 necromancers (Vaults:5)
  An orc sorcerer (Pan)
  7 ugly things
  A shining eye (Slime:2)
  4 elephants
  A black mamba (Snake:3)
  A water nymph (Shoals:4)
  A cane toad (Lair:2)
  A guardian serpent (shapeshifter) (Lair:5)
  A hellion (Tar:4)
  A freezing wraith (IceCv)
  7 merfolk
  2 blink frogs (Lair:5)
  2 water elementals (Shoals:4)
  5 yaks
  4 slime creatures (Slime:2)
  A chaos spawn (Lair:5)
  A fire elemental (Elf:3)
  A wyvern (Lair:2)
  2 death yak simulacra (IceCv)
  3 wargs
  3 nagas (Snake:3)
  3 orc warriors
  A cane toad simulacrum (IceCv)
  A small abomination (Lair:5)
  8 orc priests (Orc:2)
  7 orcs
  2 ball lightnings (Pan)
154 creatures vanquished.

Vanquished Creatures (others)
  2 caustic shrikes
  A fire giant (Geh:7)
  A balrug (Geh:7)
  A shard shrike simulacrum (Coc:7)
  A demonspawn blood saint (Pan)
  A blizzard demon (Pan)
  2 caustic shrike simulacra
  2 stokers (Geh:7)
  A shock serpent (Snake:3)
  2 deep elf knights (Elf:1)
  A quicksilver dragon simulacrum (Coc:7)
  A sixfirhy (D:15)
  An anaconda zombie (Hell)
  An ironbound convoker (Vaults:4)
  A harpy (Vaults:1)
  A necromancer (Depths:2)
  An orange demon (Pan)
  A yaktaur (Vaults:3)
  A merfolk (Shoals:3)
  A wind drake (Pan)
  A stone giant simulacrum (Coc:4)
  A dream sheep (Shoals:4)
  2 hogs (D:15)
  A harpy simulacrum (Coc:4)
  An orc priest (Elf:1)
  A mummy (Tomb:3)
  3 orcs
  12 ball lightnings (Pan)
  2 creeping infernos
  7 starspawn tentacles (Abyss:3)
  28 tentacles
83 creatures vanquished.

Grand Total: 3622 creatures vanquished

Notes
Turn   | Place    | Note
-------+----------+-------------------------------------------
     0 | D:1      | catclaw the Felid Berserker began the quest for the Orb.
     0 | D:1      | Reached XP level 1. HP: 10/10 MP: 2/2
   155 | D:1      | Reached XP level 2. HP: 14/14 MP: 3/3
   165 | D:1      | Reached skill level 1 in Stealth
   454 | D:2      | Reached XP level 3. HP: 7/17 MP: 4/4
   503 | D:2      | Reached skill level 5 in Dodging
   709 | D:2      | Found a faded altar of an unknown god.
   746 | D:2      | Reached ** piety under Trog
   816 | D:3      | Reached XP level 4. HP: 18/21 MP: 5/5
   881 | D:3      | Noticed Ijyb
   927 | D:3      | Killed Ijyb
  1286 | D:3      | Noticed a scorpion
  1446 | D:4      | Found Veibuw's Magic Scroll Boutique.
  1465 | D:4      | Bought a scroll of identify for 26 gold pieces
  1465 | D:4      | Bought a scroll of blinking for 97 gold pieces
  1493 | D:4      | Found a staircase to the Ecumenical Temple.
  1503 | Temple   | Entered the Ecumenical Temple
  1686 | D:4      | Reached XP level 5. HP: 17/25 MP: 6/6
  1915 | D:5      | Entered Level 5 of the Dungeon
  2211 | D:5      | Gained mutation: You are covered in thick fur. (AC +2)
                  | [Felid growth]
  2211 | D:5      | Reached XP level 6. HP: 18/28 MP: 7/7
  2503 | D:5      | Found a snail-covered altar of Cheibriados.
  2571 | D:5      | Reached XP level 7. HP: 25/33 MP: 8/8
  2605 | D:6      | Noticed Sigmund
  2614 | D:6      | Killed Sigmund
  2641 | D:6      | Reached skill level 5 in Stealth
  2838 | D:6      | Found a glowing drain.
  2847 | Sewer    | Entered a sewer
  2855 | Sewer    | Reached *** piety under Trog
  3015 | Sewer    | Reached skill level 5 in Fighting
  3036 | Sewer    | Reached **** piety under Trog
  3123 | D:6      | Reached skill level 5 in Unarmed Combat
  3269 | D:6      | Slain by an ice beast
  3312 | D:6      | Reached XP level 8. HP: 37/37 MP: 9/9
  3629 | D:7      | Reached skill level 10 in Dodging
  3643 | D:7      | Reached XP level 9. HP: 42/42 MP: 10/10
  4305 | D:8      | Noticed Grum
  4473 | D:8      | Noticed an unseen horror
  4488 | D:8      | Noticed a boulder beetle
  4491 | D:8      | Reached skill level 5 in Shapeshifting
  4590 | D:9      | Noticed a two-headed ogre
  5334 | D:9      | Reached XP level 10. HP: 36/46 MP: 11/11
  5338 | D:9      | Slain by a yak
  5508 | D:10     | Entered Level 10 of the Dungeon
  5508 | D:10     | Noticed a two-headed ogre
  5608 | D:10     | Found a staircase to the Lair.
  5620 | D:10     | Noticed a two-headed ogre
  5655 | D:10     | Killed a two-headed ogre
  6023 | D:10     | Found an opulent altar of Gozag.
  6024 | D:10     | Found a burning altar of Makhleb.
  6024 | D:10     | Found a radiant altar of Vehumet.
  6025 | D:10     | Found an iron altar of Okawaru.
  6026 | D:10     | Found a stormy altar of Qazlal.
  6026 | D:10     | Found a shimmering blue altar of Sif Muna.
  6027 | D:10     | Found an ancient bone altar of Kikubaaqudgha.
  6028 | D:10     | Found a sparkling altar of Nemelex Xobeh.
  6028 | D:10     | Found a shimmering altar of Xom.
  6029 | D:10     | Found a glowing silver altar of Zin.
  6031 | D:10     | Found a shadowy altar of Dithmenos.
  6031 | D:10     | Found a hide-covered altar of Uskayaw.
  6032 | D:10     | Found a white marble altar of Elyvilon.
  6181 | D:10     | Killed a two-headed ogre
  6340 | D:11     | Noticed a boulder beetle
  6465 | D:11     | Noticed a fire dragon
  6513 | D:11     | Reached skill level 1 in Evocations
  6543 | D:11     | Found Hihasoda's Armour Emporium.
  6639 | D:11     | Noticed a cyan ugly thing
  6659 | D:11     | Killed a cyan ugly thing
  6927 | Lair:1   | Entered Level 1 of the Lair of Beasts
  6952 | Lair:1   | Reached XP level 11. HP: 48/50 MP: 12/12
  8011 | Lair:2   | Found a frozen archway.
  8017 | IceCv    | Entered an ice cave
  8023 | IceCv    | Reached skill level 15 in Dodging
  8028 | IceCv    | Reached skill level 5 in Evocations
  8031 | IceCv    | Found a transporter.
  8035 | IceCv    | Noticed a white ugly thing
  8038 | IceCv    | Found a transporter.
  8123 | Lair:2   | Gained mutation: Your thick and shaggy fur keeps you warm.
                  | (AC +3, rC+) [Felid growth]
  8123 | Lair:2   | Reached XP level 12. HP: 48/56 MP: 13/13
  8245 | Lair:2   | Found a staircase to the Shoals.
  8370 | Lair:2   | Noticed a four-headed hydra
  8384 | Lair:2   | Killed a four-headed hydra
  8857 | Lair:3   | Noticed Josephine
  8927 | Lair:3   | You fall into a shaft and drop 2 floors!
  8927 | Lair:5   | Entered Level 5 of the Lair of Beasts
  9194 | Lair:5   | Reached skill level 10 in Fighting
  9251 | Lair:5   | Reached skill level 10 in Unarmed Combat
  9401 | Lair:5   | Reached skill level 10 in Shapeshifting
  9442 | Lair:5   | Reached XP level 13. HP: 47/61 MP: 14/14
  9569 | Lair:5   | Reached ***** piety under Trog
  9800 | Lair:5   | Found a staircase to the Slime Pits.
  9801 | Lair:5   | Found a viscous altar of Jiyva.
 10425 | Lair:5   | Found a corrupted altar of Lugonu.
 10425 | Lair:5   | Found a one-way gate to the infinite horrors of the Abyss.
 10697 | Lair:4   | Noticed Urug
 10699 | Lair:4   | Urug changed into Urug the elephant
 10699 | Lair:4   | Noticed Urug
 10704 | Lair:4   | Killed Urug the elephant
 10789 | Lair:4   | Reached XP level 14. HP: 67/67 MP: 15/15
 10910 | Lair:4   | Identified the +1 pair of boots of Meager Miracles {+Inv
                  | rElec Str+2}
 11333 | Lair:3   | Found the +15 Maxwell's patent armour {-Cast -Tele rElec
                  | Will+ rCorr}
 12020 | D:12     | Found a staircase to the Orcish Mines.
 12418 | Orc:1    | Entered Level 1 of the Orcish Mines
 12594 | Orc:1    | Found a large runed translucent door.
 12595 | Orc:1    | Found a large runed translucent door.
 12599 | Orc:1    | Noticed Agremn's ghost (journeyman MiFi)
 12661 | Orc:1    | Killed Agremn's ghost
 12769 | Orc:2    | Entered Level 2 of the Orcish Mines
 12770 | Orc:2    | Found a staircase to the Elven Halls.
 13188 | Orc:2    | Found Ryulob's Book Shop.
 13267 | Orc:2    | Found Loraca's Assorted Antiques.
 13394 | Orc:2    | Noticed an orc warlord
 13431 | Orc:2    | Killed an orc warlord
 13617 | Orc:2    | Found Emoi's Book Emporium.
 13617 | Orc:2    | Found Ophuff's Weapon Shop.
 13985 | Orc:2    | Bought a scroll of fog for 136 gold pieces
 13985 | Orc:2    | Bought 2 potions of might for 272 gold pieces
 14141 | D:8      | Killed Grum
 14267 | D:4      | Bought a scroll of identify for 26 gold pieces
 14267 | D:4      | Bought a scroll of blinking for 97 gold pieces
 14267 | D:4      | Bought a scroll of acquirement for 676 gold pieces
 14267 | D:4      | Bought a scroll of revelation for 97 gold pieces
 14267 | D:4      | Acquired the ring of Uwaymm {rN+ Str+3 Int-2 Dex+6}
 14462 | Lair:2   | Found a staircase to the Snake Pit.
 14757 | Snake:1  | Entered Level 1 of the Snake Pit
 14894 | Snake:1  | Found a glowing golden altar of the Shining One.
 14911 | Snake:1  | Reached XP level 15. HP: 35/72 MP: 16/16
 15721 | Snake:2  | Reached skill level 15 in Shapeshifting
 16065 | Snake:2  | Found Nilaov's Tremendous Tomes.
 16157 | Snake:2  | Found Husmo's Jewellery Shoppe.
 16161 | Snake:2  | Bought an amulet of reflection for 360 gold pieces
 16161 | Snake:2  | Bought a maw talisman for 360 gold pieces
 16238 | Snake:3  | Noticed Vashnia
 16423 | Snake:2  | Noticed a nagaraja
 16446 | Snake:2  | Killed a nagaraja
 16667 | Snake:4  | Entered Level 4 of the Snake Pit
 17032 | Snake:4  | Noticed a nagaraja
 17049 | Snake:4  | Killed a nagaraja
 17073 | Snake:4  | Noticed a nagaraja
 17076 | Snake:4  | Killed a nagaraja
 17122 | Snake:4  | Reached XP level 16. HP: 77/77 MP: 17/17
 17336 | Snake:4  | Found Vomp's Jewellery Boutique.
 17337 | Snake:4  | Found Zyrou's Book Emporium.
 17339 | Snake:4  | Found Tikiboant's Jewellery Boutique.
 17439 | Snake:4  | Identified the +5 battleaxe of Reason {elec, Fragile rElec
                  | rPois Str+4}
 17630 | Snake:4  | Got a serpentine rune of Zot
 18034 | Snake:3  | Killed Vashnia
 18318 | Shoals:1 | Entered Level 1 of the Shoals
 18463 | Shoals:1 | Found Qauntuts's Antique Weapon Boutique.
 18801 | Shoals:2 | Noticed a kraken
 18801 | Shoals:2 | Noticed a kraken
 18801 | Shoals:2 | Noticed a kraken
 18801 | Shoals:2 | Noticed a kraken
 18854 | Shoals:1 | Identified the serpent talisman of the Abyss {*Slow rElec
                  | rN++}
 18854 | Shoals:1 | Noticed Aizul
 18860 | Shoals:1 | Killed Aizul
 19135 | Shoals:2 | Killed a kraken
 19145 | Shoals:2 | Killed a kraken
 19167 | Shoals:2 | Reached XP level 17. HP: 81/83 MP: 18/18
 19216 | Shoals:2 | Killed a kraken
 19229 | Shoals:2 | Killed a kraken
 19326 | Shoals:2 | Identified the +4 scale mail of Jigsaw {Rampage *Corrode
                  | Int+5 Stlth+}
 19934 | Shoals:4 | Entered Level 4 of the Shoals
 19935 | Shoals:4 | Noticed Polyphemus
 19950 | Shoals:4 | Killed Polyphemus
 20154 | Shoals:4 | Noticed Bai Suzhen
 20174 | Shoals:4 | Killed Bai Suzhen
 20175 | Shoals:4 | Reached skill level 15 in Fighting
 20210 | Shoals:4 | Reached skill level 15 in Unarmed Combat
 20402 | Shoals:4 | Got a barnacled rune of Zot
 20904 | Crypt:3  | Identified the "Deucsaept"
 20904 | Elf:1    | Identified the of Lonneh
 20904 | Elf:1    | Entered Level 1 of the Elven Halls
 20937 | Elf:1    | Noticed Jorgrun
 20946 | Elf:1    | Killed Jorgrun
 20953 | Elf:1    | Reached ****** piety under Trog
 20962 | Elf:1    | Identified the ring "Yxzyej" {Fire SInv}
 20979 | Elf:1    | Reached XP level 18. HP: 89/89 MP: 19/19
 21188 | Elf:1    | Found Hiemim's Armour Shop.
 21274 | Elf:1    | Noticed a Brimstone Fiend
 21436 | Elf:1    | Found a runed translucent gate.
 21436 | Elf:1    | Found a runed translucent gate.
 21436 | Elf:1    | Found a runed translucent gate.
 21452 | Elf:1    | Noticed UnitStreak's ghost (adept GnHu)
 21455 | Elf:1    | Found a viscous altar of Jiyva.
 21532 | Elf:1    | Killed UnitStreak's ghost
 21569 | Elf:1    | Identified the ring "Lafuv" {Wiz Will+}
 21610 | Elf:2    | Noticed Azrael
 21614 | Elf:2    | Killed Azrael
 22018 | Elf:2    | Found a runed translucent gate.
 22019 | Elf:2    | Found a runed translucent gate.
 22019 | Elf:2    | Found a runed translucent gate.
 22186 | Elf:3    | Identified the of Zuvaidgh
 22186 | Elf:3    | Entered Level 3 of the Elven Halls
 22532 | Elf:3    | Reached XP level 19. HP: 85/96 MP: 20/20
 22796 | Elf:3    | Identified the staff of Emuafonn {Drain Fragile rPois rF+
                  | rN+++ Dex+5 Fire}
 22848 | Elf:3    | Identified the +0 scale mail of Anaesthesia {Dex+2 Stlth+}
 22897 | Elf:3    | Identified the ring "Vian Qyh" {*Slow rC+ MP+9 SInv Stlth+}
 22910 | Elf:3    | Identified the +3 ring mail of the Equinox {Drain rC+
                  | Str+3}
 23151 | Elf:1    | Identified the staff of Expedience {rPois rC+ MP+9 Str+3
                  | Ice}
 23152 | Elf:1    | Identified the amulet of Quchegyo {Faith rCorr}
 23236 | D:13     | Noticed Sonja
 23239 | D:13     | Killed Sonja
 23269 | D:13     | Noticed Maurice
 23289 | D:13     | Killed Maurice
 23753 | D:14     | Found a gate to the Vaults.
 23802 | Vaults:1 | Entered Level 1 of the Vaults
 24588 | Vaults:2 | Noticed Boris
 24595 | Vaults:2 | Killed Boris
 24836 | Vaults:2 | Reached XP level 20. HP: 100/100 MP: 21/21
 24873 | Vaults:2 | You fall into a shaft and drop 2 floors!
 25101 | Vaults:4 | Found a flickering gateway to a bazaar.
 25118 | Bazaar   | Entered a bazaar
 25118 | Bazaar   | Found Rerumuuh's Book Shop.
 25118 | Bazaar   | Found Uloomnoi's General Store.
 25118 | Bazaar   | Found Viurigiu's Distillery.
 25127 | Bazaar   | Bought a potion of heal wounds for 30 gold pieces
 25127 | Bazaar   | Bought a potion of haste for 60 gold pieces
 25127 | Bazaar   | Bought a potion of attraction for 18 gold pieces
 25127 | Bazaar   | Bought a potion of curing for 18 gold pieces
 25127 | Bazaar   | Bought 2 potions of berserk rage for 60 gold pieces
 25127 | Bazaar   | Bought a potion of cancellation for 48 gold pieces
 25127 | Bazaar   | Bought a potion of mutation for 48 gold pieces
 25127 | Bazaar   | Bought a potion of invisibility for 48 gold pieces
 25175 | Vaults:5 | Entered Level 5 of the Vaults
 25290 | Vaults:5 | Noticed Margery
 25301 | Vaults:5 | Killed Margery
 25386 | Vaults:5 | Got a silver rune of Zot
 25445 | Vaults:5 | Found the +7 sceptre of Torment {pain, torment}
 25496 | Vaults:5 | Noticed Mara
 25552 | Vaults:5 | Noticed Saint Roka
 25569 | Vaults:5 | Killed Saint Roka
 25736 | Vaults:5 | Found the +7 great mace "Undeadhunter" {deathbane, rN+}
 25743 | Vaults:5 | Identified the +2 robe of the Orange Skies {Harm rPois
                  | Will- Str+3}
 25749 | Vaults:5 | Identified the +0 scale mail of the Salamander {Harm Fly
                  | rC-}
 25752 | Vaults:5 | Identified the +2 leather armour "Zeirr" {rElec rF- Slay+5
                  | SInv}
 25860 | Vaults:5 | Identified the +3 storm dragon scales of the Maze {+Inv Fly
                  | rElec Str+4}
 25884 | Vaults:5 | Identified the ring "Xausacw" {Wiz rF+}
 25991 | Vaults:5 | Noticed a golden dragon
 25997 | Vaults:5 | Killed a golden dragon
 26094 | Vaults:5 | Noticed catclaw's illusion
 26142 | Vaults:5 | Reached XP level 21. HP: 105/105 MP: 22/22
 26236 | Vaults:5 | Noticed a shard shrike
 26239 | Vaults:5 | Noticed a juggernaut
 26240 | Vaults:5 | a juggernaut changed into a rockslime
 26359 | Vaults:5 | Noticed a golden dragon
 26371 | Vaults:5 | Killed a golden dragon
 26561 | Vaults:5 | Noticed catclaw's illusion
 26569 | Vaults:5 | Killed Mara
 27293 | Vaults:3 | Found a staircase to the Crypt.
 27915 | Vaults:3 | Found Xusomol's Weapon Shop.
 28091 | Crypt:1  | Entered Level 1 of the Crypt
 28454 | Crypt:2  | Reached XP level 22. HP: 108/111 MP: 23/23
 28552 | Crypt:3  | Entered Level 3 of the Crypt
 28619 | Crypt:2  | Reached skill level 10 in Stealth
 28833 | Crypt:3  | Noticed Xtahua
 28838 | Crypt:3  | Killed Xtahua
 29082 | Crypt:3  | Noticed Boris
 29089 | Crypt:3  | Killed Boris
 29115 | Crypt:3  | Noticed an ancient lich
 29125 | Crypt:3  | Killed an ancient lich
 29153 | Crypt:3  | Found an ancient bone altar of Kikubaaqudgha.
 29168 | Crypt:3  | Found the +0 pair of fencer's gloves {Riposte Dex+3}
 29168 | Crypt:3  | Found the +8 Vampire's Tooth {megavamp}
 29169 | Crypt:3  | Found the +9 sword of Zonguldrok {reap}
 29171 | Crypt:3  | Identified the ring "Ladom" {Drain rC+ rN+ Str+8}
 29171 | Crypt:3  | Identified the ring of Isimu {rC+ rN+ Will++ Int-2 Dex-4}
 29310 | Crypt:3  | Found a staircase to the Tomb.
 30057 | Zot:1    | Identified the of Ydwais
 30057 | Zot:1    | Identified the "Legar"
 30057 | Zot:2    | Identified the "Yrimm"
 30057 | Zot:3    | Identified the "Vaner"
 30057 | Slime:1  | Entered Level 1 of the Pits of Slime
 30107 | Slime:2  | Gained mutation: Your spells are a little easier to cast,
                  | but a little less powerful. [a shining eye]
 30189 | Slime:5  | Entered Level 5 of the Pits of Slime
 30208 | Slime:5  | Gained mutation: Your mind is acute. (Int +4, Str/Dex -1)
                  | [a shining eye]
 30220 | Slime:5  | Gained mutation: You are weak. (Str -2) [a shining eye]
 30252 | Slime:5  | Noticed the Royal Jelly
 30279 | Slime:5  | Reached XP level 23. HP: 62/117 MP: 20/24
 30279 | Slime:5  | Killed the Royal Jelly
 30432 | Slime:5  | Identified the amulet of Goocegic {rElec rPois Will- Regen+
                  | Int+9}
 30455 | Slime:5  | Got a slimy rune of Zot
 30479 | Slime:5  | Identified the +2 war axe "Gahegoij" {protect, Fragile
                  | Dex+8 Stlth+}
 30809 | Snake:4  | Bought the ring "Itukua" {rN++ Str+4 Int-4 Dex+6} for 909
                  | gold pieces
 30809 | Snake:4  | Bought the ring "Bali" {Fly Str+2} for 487 gold pieces
 30841 | Snake:4  | Lost mutation: You are weak. (Str -2) [potion of mutation]
 30841 | Snake:4  | Lost mutation: Your spells are a little easier to cast, but
                  | a little less powerful. [potion of mutation]
 30841 | Snake:4  | Gained mutation: Your body sometimes deteriorates upon
                  | taking damage. [potion of mutation]
 30841 | Snake:4  | Gained mutation: Your mind is very acute. (Int +8, Str/Dex
                  | -2) [potion of mutation]
 30841 | Snake:4  | Gained mutation: You are somewhat resistant to further
                  | mutation. [potion of mutation]
 31107 | D:15     | Entered Level 15 of the Dungeon
 31285 | D:15     | Found a staircase to the Depths.
 31298 | Depths:1 | Entered Level 1 of the Depths
 31374 | Depths:1 | Found a one-way gate leading to the halls of Pandemonium.
 31511 | Depths:1 | Found a gateway to Hell.
 31575 | Depths:1 | Found a stormy altar of Qazlal.
 31615 | Depths:2 | Found Zottay's Magic Scroll Shoppe.
 31632 | Depths:2 | Found a one-way gateway to a ziggurat.
 31633 | Depths:2 | Bought a scroll of fear for 52 gold pieces
 31633 | Depths:2 | Bought a scroll of teleportation for 39 gold pieces
 31633 | Depths:2 | Bought a scroll of fear for 52 gold pieces
 31633 | Depths:2 | Bought a scroll of teleportation for 39 gold pieces
 31633 | Depths:2 | Bought a scroll of noise for 13 gold pieces
 31633 | Depths:2 | Bought a scroll of noise for 13 gold pieces
 32120 | Depths:3 | Found a broken altar of Ashenzari.
 32236 | Depths:4 | Entered Level 4 of the Depths
 32263 | Depths:4 | Noticed a juggernaut
 32266 | Depths:4 | Killed a juggernaut
 32477 | Depths:4 | Reached skill level 15 in Stealth
 32504 | Depths:4 | Reached XP level 24. HP: 102/103 MP: 24/24
 32809 | Depths:4 | Found a gate to the Realm of Zot.
 32922 | Tomb:3   | Identified the of Toaskily
 32922 | Tar:7    | Identified the "Ufionoh"
 32922 | Tar:7    | Identified the "Peurphur"
 32922 | Dis:7    | Identified the of Tyssuked
 32922 | Geh:7    | Identified the "Seem"
 32922 | Pan      | Entered Pandemonium
 33302 | Pan      | Noticed Latoc the pandemonium lord
 33304 | Pan      | Killed Latoc the pandemonium lord
 33712 | Pan      | Found Juchaeta's Book Boutique.
 33714 | Pan      | Found an opulent altar of Gozag.
 33741 | Pan      | Noticed Juchaeta the pandemonium lord
 34114 | Pan      | Found an opulent altar of Gozag.
 34234 | Pan      | Found an opulent altar of Gozag.
 34266 | Pan      | Found Juchaeta's Assorted Sundries.
 34292 | Pan      | Reached skill level 10 in Evocations
 34296 | Pan      | Found Juchaeta's Jewellery Boutique.
 34344 | Pan      | Found Juchaeta's Demonic Rune Stash.
 34385 | Pan      | Bought a scroll of revelation for 127 gold pieces
 34396 | Pan      | Identified the "Faugga"
 34472 | Pan      | Found an exit through the horrors of the Abyss.
 34624 | Pan      | Noticed Satoimer the pandemonium lord
 34631 | Abyss:3  | Cast into level 3 of the Abyss (Satoimer)
 34817 | Abyss:3  | Found a corrupted altar of Lugonu.
 34875 | Abyss:3  | Got an abyssal rune of Zot
 34911 | Abyss:3  | Found a corrupted altar of Lugonu.
 34993 | Pan      | Escaped the Abyss
 35005 | Pan      | Gained mutation: You are vulnerable to heat. (rF-)
                  | [mutagenic glow]
 35035 | Pan      | Lost mutation: You are somewhat resistant to further
                  | mutation. [mutagenic glow]
 35040 | Pan      | Lost mutation: Your mind is very acute. (Int +8, Str/Dex
                  | -2) [potion of mutation]
 35040 | Pan      | Lost mutation: Your body sometimes deteriorates upon taking
                  | damage. [potion of mutation]
 35040 | Pan      | Lost mutation: Your mind is acute. (Int +4, Str/Dex -1)
                  | [potion of mutation]
 35040 | Pan      | Gained mutation: You are partially covered in iridescent
                  | scales. (AC +2) [potion of mutation]
 35040 | Pan      | Gained mutation: You have a pair of small antennae on your
                  | head. [potion of mutation]
 35040 | Pan      | Gained mutation: You are resistant to electric shocks.
                  | (rElec) [potion of mutation]
 35040 | Pan      | Gained mutation: Your muscles are strong. (Str +4, Int/Dex
                  | -1) [potion of mutation]
 35041 | Pan      | Lost mutation: You are vulnerable to heat. (rF-) [potion of
                  | mutation]
 35041 | Pan      | Lost mutation: You have a pair of small antennae on your
                  | head. [potion of mutation]
 35128 | Pan      | Reached XP level 25. HP: 130/130 MP: 24/24
 35316 | Pan      | Identified the "Puxen"
 35374 | Pan      | Noticed Rewyozui the pandemonium lord
 35388 | Pan      | Killed Rewyozui the pandemonium lord
 35659 | Pan      | Gained mutation: Your spells are a little easier to cast,
                  | but a little less powerful. [a cacodemon]
 35692 | Pan      | Noticed Dipikk the pandemonium lord
 35697 | Pan      | Killed Dipikk the pandemonium lord
 35801 | Pan      | Identified the of Bauxzic
 35801 | Pan      | Identified the of Vucvyixao
 35983 | Pan      | Noticed Cocwuole the pandemonium lord
 35995 | Pan      | Killed Cocwuole the pandemonium lord
 36201 | Pan      | Found a runed translucent door.
 36220 | Pan      | Got a demonic rune of Zot
 36230 | Pan      | Entered the realm of Gloorx Vloq.
 36395 | Pan      | Noticed Gloorx Vloq
 36428 | Pan      | Killed Gloorx Vloq
 36443 | Pan      | Got a dark rune of Zot
 36620 | Pan      | Identified the of Raum
 36970 | Pan      | Reached XP level 26. HP: 136/136 MP: 24/24
 37012 | Pan      | Noticed Yxurghia the pandemonium lord
 37079 | Pan      | Found an exit through the horrors of the Abyss.
 37254 | Pan      | Noticed Loen the pandemonium lord
 37288 | Pan      | Identified the "Maediov"
 37303 | Pan      | Found a runed translucent door.
 37305 | Pan      | Found a runed translucent door.
 37317 | Pan      | Found a runed translucent door.
 37322 | Pan      | Noticed Wuwaitot the pandemonium lord
 37330 | Pan      | Killed Wuwaitot the pandemonium lord
 37344 | Pan      | Found a runed translucent door.
 37359 | Depths:4 | Escaped Pandemonium
 37361 | Pan      | Entered the realm of Mnoleg.
 37361 | Pan      | Entered Pandemonium
 37428 | Pan      | Gained mutation: Your spells are easier to cast, but less
                  | powerful. [a cacodemon]
 37494 | Pan      | Noticed Mnoleg
 37528 | Pan      | Gained mutation: You are dopey. (Int -2) [a cacodemon]
 37529 | Pan      | Lost mutation: Your muscles are strong. (Str +4, Int/Dex
                  | -1) [a cacodemon]
 37536 | Pan      | Gained mutation: You are clumsy. (Dex -2) [a cacodemon]
 37574 | Pan      | Gained mutation: You occasionally shout uncontrollably at
                  | your foes. [a neqoxec]
 37653 | Pan      | Killed Mnoleg
 37718 | Pan      | Got a glowing rune of Zot
 37773 | Pan      | Entered the realm of Cerebov.
 37773 | Pan      | Found the +6 sword of Cerebov {flame}
 37773 | Pan      | Noticed Cerebov
 37924 | Pan      | Identified the amulet of Waidikad {Spirit Slay+3}
 37936 | Pan      | Identified the ring of Girchoarph {rCorr MP+9 Str+2}
 37945 | Pan      | Identified the +1 war axe of Dybatt {venom, rN+}
 38064 | Pan      | Identified the +8 flail of Xorybuos {pain, Fly rElec rN+
                  | Will-}
 38064 | Pan      | Identified the ring of Morality {*Corrode rF+ rC++ rN+
                  | Str+4}
 38083 | Pan      | Killed Cerebov
 38102 | Pan      | Identified the staff of the Mosquito {rF+ Str+2 Fire}
 38106 | Pan      | Identified the +5 short sword "Embalmer" {pain, rF+ rN+}
 38190 | Pan      | Got a fiery rune of Zot
 38335 | Pan      | Found an exit through the horrors of the Abyss.
 38399 | Pan      | Identified the "Qonaq"
 38399 | Pan      | Noticed a seraph
 38399 | Pan      | Found a glowing golden altar of the Shining One.
 38400 | Pan      | Killed a seraph
 38405 | Depths:4 | Escaped Pandemonium
 38407 | Pan      | Entered Pandemonium
 38411 | Pan      | Found an exit through the horrors of the Abyss.
 38532 | Pan      | Found a runed translucent door.
 38574 | Pan      | Entered the realm of Lom Lobon.
 38588 | Pan      | Found an exit through the horrors of the Abyss.
 38906 | Pan      | Noticed Lom Lobon
 38976 | Pan      | Killed from afar by Lom Lobon
 39052 | Pan      | Reached XP level 27. HP: 142/142 MP: 24/24
 39105 | Pan      | HP: 6/142 [spore (19)]
 39106 | Pan      | Killed from afar by a wind drake
 39309 | Pan      | Got a magical rune of Zot
 39414 | Pan      | Took an exit into the Abyss.
 39414 | Abyss:3  | Escaped into the Abyss
 39437 | Abyss:3  | Found a corrupted altar of Lugonu.
 39481 | Depths:4 | Escaped the Abyss
 39517 | Hell     | Entered the Vestibule of Hell
 39520 | Hell     | Noticed Geryon
 39529 | Hell     | Killed Geryon
 39548 | Hell     | Gained mutation: You are vulnerable to cold. (rC-) [a
                  | cacodemon]
 39567 | Depths:4 | Lost mutation: Your spells are easier to cast, but less
                  | powerful. [potion of mutation]
 39567 | Depths:4 | Lost mutation: You are resistant to electric shocks.
                  | (rElec) [potion of mutation]
 39567 | Depths:4 | Lost mutation: You occasionally shout uncontrollably at
                  | your foes. [potion of mutation]
 39569 | Depths:4 | Lost mutation: You are dopey. (Int -2) [potion of mutation]
 39569 | Depths:4 | Lost mutation: You are clumsy. (Dex -2) [potion of
                  | mutation]
 39569 | Depths:4 | Lost mutation: You are partially covered in iridescent
                  | scales. (AC +2) [potion of mutation]
 39569 | Depths:4 | Gained mutation: You are robust. (+10% HP) [potion of
                  | mutation]
 39570 | Depths:4 | Lost mutation: You are vulnerable to cold. (rC-) [potion of
                  | mutation]
 39570 | Depths:4 | Lost mutation: Your spells are a little easier to cast, but
                  | a little less powerful. [potion of mutation]
 39570 | Depths:4 | Lost mutation: You are robust. (+10% HP) [potion of
                  | mutation]
 39570 | Depths:4 | Gained mutation: You are strong-willed. (Will+) [potion of
                  | mutation]
 39570 | Depths:4 | Gained mutation: Your muscles are strong. (Str +4, Int/Dex
                  | -1) [potion of mutation]
 39642 | Hell     | Found a gateway to the Iron City of Dis.
 39691 | Hell     | Found a gateway to the decaying netherworld of Tartarus.
 39716 | Tar:1    | Entered Level 1 of Tartarus
 40085 | Tar:7    | Entered Level 7 of Tartarus
 40213 | Tar:7    | Found the +11 plutonium sword {Contam Stlth-}
 40215 | Tar:7    | Identified the ring "Ehafy" {rF+ rCorr Dex+4 SInv}
 40419 | Tar:7    | Noticed Ereshkigal
 40423 | Tar:7    | Killed Ereshkigal
 40454 | Tar:7    | Got a bone rune of Zot
 40786 | Dis:1    | Entered Level 1 of the Iron City of Dis
 40957 | Dis:3    | Mangled by a +2 heavy bardiche
 41348 | Dis:6    | Noticed an ancient lich
 41362 | Dis:7    | Entered Level 7 of the Iron City of Dis
 41780 | Dis:7    | Noticed a juggernaut
 41785 | Dis:7    | Killed a juggernaut
 41793 | Dis:7    | Noticed Dispater
 41813 | Dis:7    | Killed Dispater
 41825 | Dis:7    | Got an iron rune of Zot
 41956 | Dis:7    | Noticed a juggernaut
 41958 | Dis:7    | Identified the +5 eveningstar "Apta" {venom, rElec Dex+2}
 41969 | Dis:7    | Killed a juggernaut
 41976 | Dis:7    | Identified the ring "Nougoac" {Fly rF+ Int-3 Slay+2}
 41987 | Dis:7    | Identified the ring "Plog" {Will+ AC+4}
 42231 | Hell     | Found a gateway to the ashen valley of Gehenna.
 42243 | Geh:1    | Entered Level 1 of Gehenna
 42466 | Geh:5    | Reached skill level 15 in Evocations
 42593 | Geh:7    | Entered Level 7 of Gehenna
 43149 | Geh:7    | Found the +13 sceptre of Asmodeus
 43149 | Geh:7    | Noticed Asmodeus
 43170 | Geh:7    | Killed Asmodeus
 43194 | Geh:7    | Got an obsidian rune of Zot
 43267 | Hell     | Found a gateway to the freezing wastes of Cocytus.
 43306 | Coc:1    | Entered Level 1 of Cocytus
 44069 | Coc:7    | Entered Level 7 of Cocytus
 44315 | Coc:7    | Noticed the Serpent of Hell
 44331 | Coc:7    | Killed the Serpent of Hell
 44458 | Coc:7    | Identified the +10 great mace of the Carved God {freeze,
                  | Will+ Str+2 Dex+2}
 44458 | Coc:7    | Noticed Antaeus
 44512 | Coc:7    | Killed Antaeus
 44565 | Coc:7    | Got an icy rune of Zot
 45253 | Tomb:1   | Entered Level 1 of the Tomb of the Ancients
 45456 | Tomb:1   | Noticed a royal mummy
 45470 | Tomb:1   | Killed a royal mummy
 45701 | Tomb:2   | Noticed a royal mummy
 45710 | Tomb:2   | Killed a royal mummy
 45716 | Tomb:2   | Noticed a royal mummy
 45723 | Tomb:2   | Killed a royal mummy
 45742 | Tomb:2   | Noticed a royal mummy
 45744 | Tomb:2   | Killed a royal mummy
 45760 | Tomb:2   | Noticed a royal mummy
 45769 | Tomb:2   | Killed a royal mummy
 45998 | Tomb:1   | Noticed a royal mummy
 46000 | Tomb:1   | Noticed a royal mummy
 46011 | Tomb:1   | Killed a royal mummy
 46030 | Tomb:1   | Killed a royal mummy
 46063 | Tomb:1   | Noticed a royal mummy
 46074 | Tomb:1   | Noticed a royal mummy
 46074 | Tomb:1   | Noticed a royal mummy
 46088 | Tomb:1   | Killed a royal mummy
 46088 | Tomb:1   | Noticed a royal mummy
 46089 | Tomb:1   | Killed a royal mummy
 46093 | Tomb:1   | Killed a royal mummy
 46095 | Tomb:1   | Killed a royal mummy
 46106 | Tomb:1   | Noticed a royal mummy
 46109 | Tomb:1   | Noticed a royal mummy
 46118 | Tomb:1   | Killed a royal mummy
 46123 | Tomb:1   | Killed a royal mummy
 46125 | Tomb:1   | Noticed a royal mummy
 46134 | Tomb:1   | Killed a royal mummy
 46194 | Tomb:1   | Noticed a royal mummy
 46202 | Tomb:1   | Killed a royal mummy
 46216 | Tomb:1   | Noticed a royal mummy
 46217 | Tomb:1   | Noticed a royal mummy
 46227 | Tomb:1   | Killed a royal mummy
 46231 | Tomb:1   | Noticed a royal mummy
 46231 | Tomb:1   | Noticed a royal mummy
 46231 | Tomb:1   | Noticed a royal mummy
 46232 | Tomb:1   | Killed a royal mummy
 46233 | Tomb:1   | Noticed a royal mummy
 46236 | Tomb:1   | Killed a royal mummy
 46239 | Tomb:1   | Killed a royal mummy
 46243 | Tomb:1   | Killed a royal mummy
 46243 | Tomb:1   | Noticed a royal mummy
 46245 | Tomb:1   | Noticed a royal mummy
 46247 | Tomb:1   | Noticed a royal mummy
 46460 | Tomb:1   | Killed a royal mummy
 46476 | Tomb:1   | Killed a royal mummy
 46480 | Tomb:1   | Killed a royal mummy
 46559 | Tomb:1   | Killed a royal mummy
 46636 | Tomb:2   | Reached skill level 1 in Invocations
 46699 | Tomb:3   | Entered Level 3 of the Tomb of the Ancients
 46754 | Tomb:3   | Identified the staff of Dithmenos's Delight {rPois rF+
                  | Will+ Poison}
 46755 | Tomb:3   | Identified the staff "Kiebi" {rPois rF+ Fire}
 46769 | Tomb:3   | Reached skill level 5 in Invocations
 46772 | Tomb:3   | Noticed a royal mummy
 46783 | Tomb:3   | Killed a royal mummy
 46786 | Tomb:3   | Noticed a royal mummy
 46791 | Tomb:3   | Killed a royal mummy
 46795 | Tomb:3   | Noticed a royal mummy
 46798 | Tomb:3   | Killed a royal mummy
 46801 | Tomb:3   | Noticed a royal mummy
 46804 | Tomb:3   | Noticed Mennas
 46820 | Tomb:3   | Noticed a royal mummy
 46829 | Tomb:3   | Killed a royal mummy
 46854 | Tomb:3   | Got a golden rune of Zot
 46858 | Tomb:3   | Noticed a royal mummy
 46864 | Tomb:3   | Killed a royal mummy
 46868 | Tomb:3   | Noticed a royal mummy
 46874 | Tomb:3   | Killed a royal mummy
 46909 | Tomb:3   | Acquired a manual of Invocations
 47625 | Zot:1    | Entered Level 1 of the Realm of Zot
 47647 | Zot:1    | Reached skill level 10 in Invocations
 47832 | Zot:3    | Noticed an orb of fire
 47834 | Zot:3    | Lost mutation: Your muscles are strong. (Str +4, Int/Dex
                  | -1) [an orb of fire]
 47838 | Zot:3    | Killed an orb of fire
 47941 | Zot:4    | Reached skill level 15 in Invocations
 47957 | Zot:5    | Entered Level 5 of the Realm of Zot
 48168 | Zot:5    | Noticed an orb of fire
 48175 | Zot:5    | Gained mutation: You occasionally lose the ability to read
                  | scrolls when taking damage. [an orb of fire]
 48177 | Zot:5    | Gained mutation: You are frail. (-10% HP) [an orb of fire]
 48179 | Zot:5    | Killed an orb of fire
 48237 | Zot:5    | Noticed a dread lich
 48257 | Zot:5    | Killed a dread lich
 48258 | Zot:5    | Noticed an orb of fire
 48266 | Zot:5    | Noticed an orb of fire
 48270 | Zot:5    | Killed an orb of fire
 48271 | Zot:5    | Killed an orb of fire
 48272 | Zot:5    | Noticed an orb of fire
 48272 | Zot:5    | Noticed an orb of fire
 48275 | Zot:5    | Gained mutation: You sometimes lose your temper in combat.
                  | [an orb of fire]
 48278 | Zot:5    | Killed an orb of fire
 48279 | Zot:5    | Noticed a dread lich
 48283 | Zot:5    | Gained mutation: You are weak. (Str -2) [an orb of fire]
 48284 | Zot:5    | Killed a dread lich
 48286 | Zot:5    | Killed an orb of fire
 48331 | Zot:5    | Noticed an orb of fire
 48359 | Zot:5    | Killed an orb of fire
 48399 | Zot:5    | Noticed a dread lich
 48418 | Zot:5    | Killed a dread lich
 48438 | Zot:5    | Lost mutation: You are weak. (Str -2) [potion of mutation]
 48438 | Zot:5    | Lost mutation: You sometimes lose your temper in combat.
                  | [potion of mutation]
 48438 | Zot:5    | Lost mutation: You are frail. (-10% HP) [potion of
                  | mutation]
 48438 | Zot:5    | Gained mutation: Your mind is acute. (Int +4, Str/Dex -1)
                  | [potion of mutation]
 48504 | Zot:5    | Noticed an orb of fire
 48511 | Zot:5    | Gained mutation: Your magical capacity is low. (-10% MP)
                  | [an orb of fire]
 48516 | Zot:5    | Gained mutation: You are clumsy. (Dex -2) [an orb of fire]
 48520 | Zot:5    | Killed an orb of fire
 48610 | Zot:5    | Lost mutation: Your magical capacity is low. (-10% MP)
                  | [potion of mutation]
 48610 | Zot:5    | Lost mutation: You occasionally lose the ability to read
                  | scrolls when taking damage. [potion of mutation]
 48610 | Zot:5    | Lost mutation: You are strong-willed. (Will+) [potion of
                  | mutation]
 48610 | Zot:5    | Gained mutation: You have a pair of small horns on your
                  | head. [potion of mutation]
 48610 | Zot:5    | Gained mutation: Your spells are a little easier to cast,
                  | but a little less powerful. [potion of mutation]
 48610 | Zot:5    | Gained mutation: You are robust. (+10% HP) [potion of
                  | mutation]
 48616 | Zot:5    | Got the Orb of Zot
 48617 | Zot:5    | Found a huge runed gate.
 48617 | Zot:5    | Found a huge runed gate.
 48617 | Zot:5    | Found a huge runed gate.
 48617 | Zot:5    | Found a huge runed gate.
 48617 | Zot:5    | Found a huge runed gate.
 48617 | Zot:5    | Found a huge runed gate.
 48617 | Zot:5    | Found a huge runed gate.
 48617 | Zot:5    | Found a huge runed gate.
 48617 | Zot:5    | Found a huge runed gate.
 48617 | Zot:5    | Found a huge runed gate.
 48623 | Zot:5    | Found a huge runed gate.
 48623 | Zot:5    | Found a huge runed gate.
 48623 | Zot:5    | Found a huge runed gate.
 48623 | Zot:5    | Found a huge runed gate.
 48623 | Zot:5    | Found a huge runed gate.
 48625 | Zot:5    | Found a huge runed gate.
 48821 | D:15     | Noticed Obeth the pandemonium lord
 48830 | D:15     | Killed Obeth the pandemonium lord
 48846 | D:14     | Noticed Moepham the pandemonium lord
 48859 | D:14     | Killed Moepham the pandemonium lord
 48941 | D:11     | Noticed Mitesul the pandemonium lord
 49103 | D:$      | Escaped with the Orb!

Illustrated notes

Levels and vault maps discovered:
D:1:      eino_arrival_water_cross, layout_basic, fountainhead
D:2:      layout_rooms, nicolae_ecumenical_pavilion, hangedman_decor_opposing,
          grunt_decor_resistance
D:3:      kennysheep_goblin_castle, layout_basic
D:4:      layout_basic, minitemple, minmay_temple_entry_antechambers,
          serial_shops, shop, uniq_eustachio
D:5:      layout_cave_pods, chei_slow_surprise
D:6:      layout_rooms, portal_sewer_entry_f, minmay_misc_feat_rugged,
          uniq_sigmund
D:7:      cheibrodos_fertilizer, layout_loops_ring
D:8:      layout_cave_pools, serial_bayou, serial_bayou_shore_b,
          serial_bayou_pond_b, serial_bayou_pond_c, serial_bayou_shore_a,
          uniq_grum
D:9:      layout_loops_ring
D:10:     layout_long_grid, nicolae_overflows_in_rows, lair_entry_dummy
D:11:     dragon1_lemuel, layout_stronghold, serial_shops, shop
D:12:     layout_basic, zombieorc1_lemuel
D:13:     layout_cave_pools, serial_glass, glass_columns_b, glass_columns_a,
          uniq_maurice, uniq_sonja
D:14:     kennysheep_demon_hangout, layout_gridville, david_vaults_2,
          kennysheep_path_1
D:15:     grunt_enter_depths_snipers, layout_cross,
          chequers_serial_rivers_small_3, uniq_kirke
Temple:   hellmonk_temple_beads
Lair:1:   beast_lair_carwin_large_3, layout_hall_layers
Lair:2:   layout_layer_cave, minmay_shoals_entry_hut,
          nicolae_snake_entry_warm_welcome, portal_ice_cave_rime,
          beast_lair_carwin_6, grunt_megastairs_4
Lair:3:   layout_long_grid, dreamdust_deal_with_the_devil, serial_bayou_shore_b,
          uniq_josephine
Lair:4:   minmay_guarded_unrand_snakebite, layout_long_grid,
          chequers_serial_rivers_marsh, hellmonk_talismancer, uniq_urug
Lair:5:   hellmonk_lair_end_abyssal_woods, layout_cave_pods, slime_entry_1,
          gammafunk_lair_bear_cave
Shoals:1: layout_shoals, serial_shops, shop, uniq_aizul
Shoals:2: layout_shoals, nicolae_shoals_lost_giant_baths,
          nicolae_shoals_kraken_party
Shoals:3: layout_shoals
Shoals:4: shoals_end_simple, layout_shoals, uniq_bai_suzhen, uniq_polyphemus
Snake:1:  layout_basic, basic_altar, uniq_agnes
Snake:2:  layout_layer_cave, serial_shops, shop, nicolae_shop_i_like_big_books,
          grunt_megastairs_1
Snake:3:  layout_rooms, drop_trap, uniq_vashnia
Snake:4:  johnstein_snake_rune_scales, layout_basic, st_stairs_4,
          minmay_shop_grove, serial_bayou_shore_b
Slime:1:  layout_caves
Slime:2:  layout_caves
Slime:3:  layout_caves
Slime:4:  layout_caves
Slime:5:  slime_pit
Orc:1:    layout_caves, ebering_ghost_disaster_area
Orc:2:    st_orc_town, layout_caves
Elf:1:    minmay_the_grid_square_5x5_3x3 [minmay_the_grid_square_5x5_forky,
          minmay_the_grid_square_5x5_tetrominoes,
          minmay_the_grid_square_5x5_shrine2,
          minmay_the_grid_square_5x5_inverted_slash,
          minmay_the_grid_square_5x5_megaprize_checkered,
          minmay_the_grid_square_5x5_plus, minmay_the_grid_square_5x5_v,
          minmay_the_grid_square_5x5_half_checkered,
          minmay_the_grid_square_5x5_inner_z], layout_geoelf_octagon,
          serial_shops, nicolae_shop_tiny_real_fake_doors, gammafunk_ghost_ooze,
          hangedman_elf_represent, uniq_jorgrun
Elf:2:    nicolae_elf_blades_crystal_corner, layout_geoelf_octagon, uniq_azrael
Elf:3:    minmay_elf_hall_circle, layout_loops_corners,
          nicolae_trove_entry_path_of_doom
Vaults:1: v_misc_32, v_misc_17, nicolae_vaults_shipping_containers_5,
          nicolae_vaults_weapon_check, v_misc_9, nicolae_vaults_six-pack,
          hangedman_vaults_stretched_pinwheel, vaults_standard_mumra_lines,
          v_misc_12, layout_vaults_omnibox
Vaults:2: nicolae_vaults_offset_grid_hallway_3, serial_ice_g,
          hangedman_vaults_snaps, v_misc_12, v_misc_1, v_misc_2,
          grunt_vaults_twisty, vaults_mumra_hex, layout_vaults_omnigrid,
          uniq_boris
Vaults:3: ontoclasm_vaults_decontamination, nicolae_vaults_shock_wave,
          grunt_vaults_swirl, nicolae_vaults_tetromino_Z_1,
          nicolae_vaults_border_crossing, nicolae_vaults_gold_heap,
          nicolae_vaults_trapezoid_lopsided_2, ontoclasm_vaults_eye,
          nicolae_vaults_trapezoid_1, nicolae_vaults_closet_pinwheel_2,
          v_misc_13, minmay_crypt_entry_simple_box, layout_vaults_omnicross,
          serial_shops, nicolae_shop_behind_doors
Vaults:4: nicolae_vaults_murder_corner, nicolae_vaults_trapezoid_3,
          nicolae_vaults_twisting_passages, hangedman_vaults_stitches,
          nicolae_vaults_trapezoid_lopsided_4, grunt_vaults_funnel, v_misc_10,
          v_misc_8, v_misc_4, nicolae_vaults_apartment_1,
          nicolae_vaults_double_plus_2, layout_vaults_ring, serial_shops,
          bzr_entry_customers
Vaults:5: uniq_saint_roka, uniq_mara, uniq_margery
Crypt:1:  layout_misc_corridors, grunt_crypt_arrival_webbed,
          roderic_lattice_octagonal_star
Crypt:2:  layout_gridlike
Crypt:3:  cryptofortress_bobbens, uniq_xtahua
Tomb:1
Tomb:2
Tomb:3:   uniq_mennas
Depths:1: layout_long_grid, hangedman_coc_ice_floe,
          ebering_dispersal_statue_hall, pan_entry, grunt_ministairs_10,
          nicolae_qazlal_scattered_showers
Depths:2: nzn_winding_woodlands_stair_trap [nzn_winding_woodlands_5x15_twine,
          nzn_winding_woodlands_5x15_parted,
          nzn_winding_woodlands_5x15_river_crossing,
          nzn_winding_woodlands_15x15_killbox,
          nzn_winding_woodlands_5x15_jagged,
          nzn_winding_woodlands_5x15_sawtooth,
          nzn_winding_woodlands_5x15_longhouse], layout_basic, enter_ziggurat_a,
          chequers_serial_rivers_micro_b, pf_hell_entry_great_geh, serial_shops,
          shop, serial_sigils, serial_sigils_hangedman_snap,
          serial_sigils_hangedman_stare, serial_sigils_hangedman_gnaw,
          abyss_entry, rand_demon_pan_entry_8, uniq_grunn, uniq_nikola
Depths:3: lemuel_firewalk_3, layout_cave_pools, minmay_room_of_horrors,
          evilmike_ruin_ashenzari, pf_hell_entry_tar_river
Depths:4: grunt_zot_entry_tricorne, layout_basic, fountainhead, pan_entry,
          hell_entry, drop_trap, nicolae_tricolors
Hell
Dis:1:    layout_subdivisions
Dis:2:    layout_jigsaw
Dis:3:    nicolae_dis_hell_of_blades
Dis:4:    layout_jigsaw
Dis:5:    layout_jigsaw
Dis:6:    layout_gridville, nicolae_dis_metal_lava_thing
Dis:7:    dis_st
Geh:1:    layout_gehenna_lava_caves
Geh:2:    layout_gehenna_pools_triple
Geh:3:    layout_gehenna_lava_caves
Geh:4:    layout_gehenna_pools_triple, nicolae_geh_lava_shack
Geh:5:    layout_gehenna_pools_triple, nicolae_geh_lava_lounge
Geh:6:    hangedman_generic_boss_arena
Geh:7:    evilmike_geh
Coc:1:    layout_ice_bergs
Coc:2:    nicolae_coc_icebeans_plural [nicolae_sub_coc_subbean,
          nicolae_sub_coc_subbean, nicolae_sub_coc_subbean,
          nicolae_sub_coc_subbean], layout_ice_bergs
Coc:3:    layout_cocytus_water_paths
Coc:4:    layout_ice_bergs
Coc:5:    layout_cocytus_water_paths
Coc:6:    layout_ice_bergs
Coc:7:    coc_old
Tar:1:    layout_grid_maze
Tar:2:    layout_catacombs
Tar:3:    layout_grid_maze, nicolae_hells_seeping_fissure
Tar:4:    layout_honeycomb
Tar:5:    layout_grid_maze
Tar:6:    layout_catacombs
Tar:7:    tar_minmay_river
Zot:1:    layout_basic, regret_index_zotdec_twisting_globes,
          regret_index_zotdec_barnacled_simple, grunt_ministairs_10, uniq_tiamat
Zot:2:    gammafunk_its_a_trap, layout_basic, nicolae_shop_clearance
Zot:3:    hellmonk_crystal_mountain, layout_onion_interference,
          regret_index_zotdec_obsidian_hm, st_single_dragon_hoard_1,
          lemuel_elevator
Zot:4:    layout_cathedral_of_symmetry, grunt_megastairs_5
Zot:5:    layout_onion, door_vault

Skill      XL: |  1  2  3  4  5  6  7  8  9 10 11 12 13 14 15 16 17 18 19 20 21 22 23 24 25 26 27 |
---------------+----------------------------------------------------------------------------------+-----
Stealth        | 1 2 3 4 5 7 9 12 15 18 21 24 26 | 26.7
Dodging        | 5 6 7 8 11 13 15 17 19 20 21 23 24 25 26 | 26.7
Fighting       | 4 5 6 7 8 10 11 12 14 15 17 18 19 21 22 23 26 | 26.7
Unarmed Combat | 4 5 6 7 8 10 11 12 13 15 17 18 20 21 22 24 25 26 | 26.8
Shapeshifting  | 8 9 10 13 16 19 22 23 26 | 26.5
Evocations     | 1 5 6 7 9 10 12 26 | 26.5
Invocations    | 20 | 20.1

Action                     |  1- 3 |  4- 6 |  7- 9 | 10-12 | 13-15 | 16-18 | 19-21 | 22-24 | 25-27 || total
---------------------------+-------+-------+-------+-------+-------+-------+-------+-------+-------++-------
  Melee: Unarmed           |    85 |   131 |   344 |   501 |  1012 |  1089 |  1079 |  1198 |  3310 ||  8749
         Bite              |     4 |    12 |    37 |    59 |   134 |   141 |   133 |    45 |   297 ||   862
         Punch             |     2 |     1 |    14 |    26 |    75 |   112 |   158 |   207 |   734 ||  1329
         Tailslap          |       |       |       |       |    41 |    44 |       |       |       ||    85
         Maw               |       |       |       |       |     8 |       |       |       |       ||     8
 Invoke: Berserk           |       |     4 |     6 |     9 |     9 |    16 |    12 |     8 |    12 ||    76
         Trog's Hand       |       |     1 |     7 |    10 |    26 |    25 |    25 |    44 |   120 ||   258
         Brothers in Arms  |       |       |       |     3 |    13 |     9 |    16 |    14 |    22 ||    77
Ability: Breathe Fire      |       |       |       |       |     5 |     3 |       |       |       ||     8
         Blinkbolt         |       |       |       |       |       |       |    17 |    17 |    29 ||    63
  Evoke: Wand              |       |     4 |    10 |    10 |    22 |    22 |     2 |     6 |    40 ||   116
         Box of beasts     |       |       |       |     2 |     2 |     2 |     2 |       |     2 ||    10
         Lightning rod     |       |       |       |       |     5 |    11 |       |     1 |     5 ||    22
         Condenser vane    |       |       |       |       |       |     2 |     1 |       |       ||     3
         Phantom mirror    |       |       |       |       |       |       |     4 |       |     3 ||     7
    Use: Scroll            |       |     8 |     6 |     6 |     7 |     9 |     8 |    11 |    54 ||   109
         Potion            |       |       |     1 |     3 |     1 |     1 |       |     9 |    68 ||    83
   Stab: Sleeping          |     2 |     8 |     9 |     9 |     7 |     9 |    25 |    25 |    60 ||   154
         Distracted        |       |       |       |     1 |     5 |       |     6 |    14 |    37 ||    63
         Petrifying        |       |       |       |       |       |     1 |       |       |       ||     1
         Petrified         |       |       |       |       |       |     1 |       |       |       ||     1
         Confused          |       |       |       |       |       |     2 |       |       |       ||     2
         Invisible         |       |       |       |       |       |       |       |       |    38 ||    38
 Armour: Skin              |    19 |    40 |    92 |   110 |   182 |   432 |   322 |   297 |  1122 ||  2616
  Dodge: Dodged            |    66 |    90 |   362 |   442 |   983 |  2116 |  2009 |  1694 |  6177 || 13939
  Block: Other             |       |       |       |       |    32 |   270 |       |       |       ||   302
         Reflection        |       |       |       |       |     6 |    20 |       |       |       ||    26
   Form: Blade             |       |       |     1 |       |       |       |       |       |       ||     1
         Dragon            |       |       |       |       |     2 |       |       |       |       ||     2
         Maw               |       |       |       |       |     1 |       |       |       |       ||     1
         Statue            |       |       |       |       |       |     1 |     1 |     2 |     4 ||     8
         Storm             |       |       |       |       |       |       |     2 |     1 |     6 ||     9

Table legend: (Time is in decaauts)
 A = Elapsed time spent in this place.
 B = Non-inter-level travel time spent in this place.
 C = Inter-level travel time spent in this place.
 D = Time resting spent in this place.
 E = Time spent auto-exploring this place.
 F = Levels seen in this place.
 G = Mean time per level.
                   A        B        C        D        E       F      G
               +--------+--------+--------+--------+--------+-----+--------+
         Total |  52244 |  34783 |  17461 |     26 |    482 | 119 |  439.0 |
       Dungeon |   8547 |   4106 |   4441 |     18 |    465 |  15 |  569.8 |
        Temple |      1 |      1 |      0 |      0 |      0 |   1 |    1.0 |
          Lair |   4677 |   2346 |   2331 |      0 |      0 |   5 |  935.4 |
        Shoals |   3612 |   2419 |   1193 |      0 |      0 |   4 |  903.0 |
     Snake Pit |   3542 |   1583 |   1959 |      0 |      0 |   4 |  885.5 |
    Slime Pits |    466 |    381 |     85 |      0 |      0 |   5 |   93.2 |
  Orcish Mines |   1440 |    864 |    576 |      0 |      0 |   2 |  720.0 |
   Elven Halls |   3176 |   2013 |   1163 |      0 |      0 |   3 | 1058.7 |
        Vaults |   5802 |   3264 |   2538 |      0 |      0 |   5 | 1160.4 |
         Crypt |   1728 |   1232 |    496 |      0 |      0 |   3 |  576.0 |
          Tomb |   2451 |   1604 |    847 |      0 |      0 |   3 |  817.0 |
        Depths |   2022 |   1247 |    775 |      8 |     17 |   4 |  505.5 |
          Hell |    374 |    289 |     85 |      0 |      0 |   1 |  374.0 |
           Dis |   1180 |    941 |    239 |      0 |      0 |   7 |  168.6 |
       Gehenna |   1257 |   1116 |    141 |      0 |      0 |   7 |  179.6 |
       Cocytus |   1211 |   1010 |    201 |      0 |      0 |   7 |  173.0 |
      Tartarus |   1325 |   1065 |    260 |      0 |      0 |   7 |  189.3 |
           Zot |    952 |    827 |    125 |      0 |      0 |   5 |  190.4 |
         Abyss |    401 |    401 |      0 |      0 |      0 |   2 |  200.5 |
   Pandemonium |   7737 |   7737 |      0 |      0 |      0 |  26 |  297.6 |
        Bazaar |     17 |     17 |      0 |      0 |      0 |   1 |   17.0 |
         Sewer |    267 |    267 |      0 |      0 |      0 |   1 |  267.0 |
      Ice Cave |     48 |     48 |      0 |      0 |      0 |   1 |   48.0 |
               +--------+--------+--------+--------+--------+-----+--------+

Top non-repeatable levels by time:
Vaults:5: 1797 daAuts
  Tomb:1: 1568 daAuts
  Lair:5: 1331 daAuts
  Lair:2: 1227 daAuts
 Snake:4: 1194 daAuts
   Elf:3: 1166 daAuts
   Elf:1: 1162 daAuts
Vaults:1: 1141 daAuts
 Snake:2: 1124 daAuts
Vaults:3: 1107 daAuts
Shoals:4: 1071 daAuts
  Lair:1: 934 daAuts
Shoals:3: 924 daAuts
Vaults:2: 915 daAuts
   Orc:2: 874 daAuts
